 Dungeon Crawl Stone Soup version 0.19.5 (webtiles) character file.

565 Kosschaser the Ruffian (level 7, -9/67 HPs)
             Began as a Troll Berserker on May 26, 2017.
             Was an Elder of Trog.
             Mangled by a gnoll
             ... wielding a +0 lajatang
              (13 damage)
             ... on level 5 of the Dungeon.
             The game lasted 00:06:58 (2599 turns).

Kosschaser the Ruffian (Troll Berserker)            Turns: 2599, Time: 00:06:58

Health: -9/67      AC:  5    Str: 28    XL:     7   Next: 10%
Magic:  6/6        EV:  5    Int:  3    God:    Trog [****..]
Gold:   205        SH:  0    Dex:  9    Spells: 0 memorised, 6 levels left

rFire  . . .     SeeInvis .       - Unarmed
rCold  . . .     Gourm    +     a - +0 animal skin
rNeg   . . .     Faith    .     (no shield)
rPois  +         Spirit   .     (helmet restricted)
rElec  .         Reflect  .     (no cloak)
rCorr  .         Harm     .     (gloves unavailable)
MR     ++...                    (boots unavailable)
Stlth  +.........               (no amulet)
                                u - ring of poison resistance
                                (no ring)

@: exhausted, held, regenerating, slowed, heavily drained, very slow
A: unfitting armour, claws 3, fast metabolism 3, gourmand, regeneration 1,
shaggy fur 1, tough skin 2
a: Berserk, Trog's Hand, Brothers in Arms, Burn Spellbooks, Renounce Religion


You were on level 5 of the Dungeon.
You worshipped Trog.
Trog was greatly pleased with you.
You were not hungry.

You visited 1 branch of the dungeon, and saw 5 of its levels.
You also visited: Sewer.

You collected 205 gold pieces.

Inventory:

Armour
 a - a +0 animal skin (worn)
Jewellery
 u - a ring of poison resistance (right claw)
Scrolls
 e - 3 scrolls of teleportation {unknown}
 f - 2 scrolls of immolation {unknown}
 g - 2 scrolls of identify {unknown}
 j - 3 scrolls of amnesia {unknown}
 k - 3 scrolls of remove curse {unknown}
 l - a scroll of magic mapping {unknown}
 p - a scroll of enchant armour {unknown}
 s - a scroll of random uselessness {unknown}
 t - a scroll of enchant weapon {unknown}
Potions
 c - 5 potions of curing {unknown}
 d - a potion of invisibility {unknown}
 h - a potion of magic {unknown}
 i - 2 potions of flight {unknown}
 n - a potion of heal wounds {unknown}
 q - a potion of agility {unknown}
 w - a potion of degeneration {unknown}
Comestibles
 b - 7 bread rations
 m - a meat ration
 z - a slice of pizza


   Skills:
 + Level 3.5(2.2) Fighting
 + Level 3.9(2.6) Dodging
 - Level 0.2(0.0) Stealth
 + Level 6.4(5.1) Unarmed Combat


You had 6 spell levels left.
You didn't know any spells.

Dungeon Overview and Level Annotations

Branches:
Dungeon (5/15)
 Temple: D:4-7

Altars:
Cheibriados

Annotations:
D:4 Menkaure, Sigmund


Innate Abilities, Weirdness & Mutations

You are too large for most types of armour.
You have claws for hands.
Your metabolism is lightning-fast.
You like to eat raw meat.
Your natural rate of healing is unusually fast.
You are covered in fur. (AC +1)
You have very tough skin. (AC +2)


Message History

You feel resistant to hostile enchantments.
You feel somewhat more hungry. The gnoll hits you with a spear.
* * * LOW HITPOINT WARNING * * *
The gnoll closely misses you. The gnoll closely misses you.
The gnoll barely misses you. The gnoll hits you with a lajatang.
* * * LOW HITPOINT WARNING * * *
Things that are here:
a halberd; a gnoll corpse You see here a spear.
The gnoll closely misses you. The gnoll hits you with a lajatang!
* * * LOW HITPOINT WARNING * * *
The gnoll throws a throwing net.
The throwing net hits you.
You become entangled in the net!
You see here a throwing net.
You struggle against the net.
The gnoll hits you with a lajatang!
* * * LOW HITPOINT WARNING * * *
The gnoll hits you with a lajatang!
You die...

#..[# #.### #.#
#.# #.# #.# ...
#.# ..# #.# ..#
##@## ..#
#####.g.## ..#
........g.# ).#
.#####>...#####..#
#...#o.)o)).#
#..#.######.#
....... # ###..#.#
#..#.#


You could see 2 gnolls and an orc.

Vanquished Creatures
  2 bullfrogs (Sewer)
  A gnoll sergeant (D:5)
  An orc wizard (D:4)
  3 gnolls (D:5)
  13 adders
  A shadow imp (D:5)
  11 oozes
  3 worms
  2 dart slugs (D:2)
  12 leopard geckos (Sewer)
  8 orcs
  6 bats
  15 giant cockroaches
  6 goblins
  6 hobgoblins
  4 jackals
  6 kobolds
  2 quokkas (D:2)
  8 ball pythons (Sewer)
  13 frilled lizards
  A giant cockroach zombie (D:5)
  9 rats
133 creatures vanquished.

Notes
Turn   | Place    | Note
-------+----------+-------------------------------------------
     0 | D:1      | Kosschaser the Troll Berserker began the quest for the Orb.
     0 | D:1      | Reached XP level 1. HP: 22/22 MP: 0/0
   161 | D:1      | Reached XP level 2. HP: 29/29 MP: 1/1
   675 | D:2      | Reached XP level 3. HP: 36/36 MP: 2/2
   715 | D:2      | Reached ** piety under Trog
   831 | D:2      | Reached skill level 4 in Unarmed Combat
   933 | D:2      | Reached XP level 4. HP: 40/44 MP: 3/3
  1300 | D:3      | Found a glowing drain.
  1316 | D:3      | Reached XP level 5. HP: 48/53 MP: 4/4
  1330 | Sewer    | Entered a sewer
  1367 | Sewer    | Reached *** piety under Trog
  1396 | Sewer    | Reached skill level 5 in Unarmed Combat
  1573 | Sewer    | Reached **** piety under Trog
  1573 | Sewer    | Reached XP level 6. HP: 49/61 MP: 5/5
  1713 | D:3      | Found a snail-covered altar of Cheibriados.
  1750 | D:3      | Reached skill level 6 in Unarmed Combat
  2451 | D:4      | Noticed Menkaure
  2451 | D:4      | Noticed Sigmund
  2485 | D:5      | Entered Level 5 of the Dungeon
  2582 | D:5      | Reached XP level 7. HP: 64/67 MP: 6/6
  2599 | D:5      | Mangled by a gnoll

Skill      XL: |  1  2  3  4  5  6 |
---------------+-------------------+-----
Unarmed Combat | 4 5 6 |  6.4
Dodging        | 3 |  3.9
Fighting       | 3 |  3.5
Stealth        | |  0.2

Action                   |  1- 3 |  4- 6 |  7- 9 || total
-------------------------+-------+-------+-------++-------
Melee: Unarmed           |    72 |   236 |     6 ||   314
       Punch             |       |     4 |       ||     4
Invok: Trog's Hand       |       |     1 |     1 ||     2
       Berserk           |       |     1 |       ||     1
 Stab: Sleeping          |       |     2 |       ||     2
  Eat: Chunk             |    11 |    15 |       ||    26
Armor: Animal skin       |    29 |    83 |     5 ||   117
Dodge: Dodged            |    39 |   147 |     6 ||   192
